 Dungeon Crawl Stone Soup version 0.28.0-53-g5a82cb258f (webtiles) character file.

Game seed: 17530980043156577966

191 DocClef the Skirmisher (level 5, -1/46 HPs)
             Began as a Demonspawn Gladiator on July 6, 2022.
             Slain by Blork the orc
             ... wielding a +0 dire flail
              (2 damage)
             ... on level 4 of the Dungeon.
             The game lasted 00:03:56 (3357 turns).

DocClef the Skirmisher (Demonspawn Gladiator)       Turns: 3357, Time: 00:03:56

Health: -1/46      AC:  9    Str: 18    XL:     5   Next: 41%
Magic:  5/5        EV:  7    Int: 10    God:
Gold:   216        SH: 11    Dex: 14    Spells: 4/4 levels left

rFire   . . .      SeeInvis +   a - +0 war axe
rCold   . . .      Faith    .   (no shield)
rNeg    . . .      Spirit   .   p - +0 chain mail
rPois   .          Reflect  +   c - +0 helmet
rElec   .          Harm     .   (no cloak)
rCorr   .          Rampage  .   (no gloves)
Will    .....                   (no boots)
Stlth   ..........              g - amulet of reflection
HPRegen 0.15/turn               h - ring of see invisible
MPRegen 0.09/turn               (no ring)

@: brilliant
A: large bone plates 2, foul stench 2, demonic magic 1, strong 1
a: no special abilities


You were on level 4 of the Dungeon.
You visited 1 branch of the dungeon, and saw 4 of its levels.

You collected 216 gold pieces.

Inventory:

Hand Weapons
 a - a +0 war axe (weapon)
Missiles
 d - 3 throwing nets (quivered)
Armour
 c - a +0 helmet (worn)
 p - a +0 chain mail (worn)
Jewellery
 g - an amulet of reflection (around neck)
 h - a ring of see invisible (left hand)
 r - a ring of magical power
Scrolls
 b - a scroll of fog {unknown}
 e - a scroll of teleportation {unknown}
 f - a scroll of amnesia {unknown}
 i - a scroll of vulnerability {unknown}
 l - a scroll of torment {unknown}
 m - a scroll of fear {unknown}
 o - 5 scrolls of identify {unknown}
 q - a scroll of enchant armour {unknown}
Potions
 n - 2 potions of curing {unknown}


   Skills:
 + Level 5.7 Fighting
 - Level 2.6 Axes
 - Level 1.7 Throwing
 - Level 2.6 Dodging


You had 4 spell levels left.
You didn't know any spells.
Your spell library was empty.

Dungeon Overview and Level Annotations

Branches:
Dungeon (4/15)
 Temple: D:4-7

Altars:
Wu Jian

Shops:
D:1 *   D:3 =[

Annotations:
D:4 Blork the orc


Innate Abilities, Weirdness & Mutations

You are mostly covered in large bone plates. (SH +6)
You sometimes emit foul miasma when damaged in melee.
Spells you cast may paralyse adjacent enemies.
Your muscles are strong. (Str +2)


Message History

Blork the orc is moderately wounded.
Blork the orc casts a spell at you. The puff of frost hits you.
Blork the orc hits you with a +0 dire flail.
You slash Blork the orc!
Blork the orc is heavily wounded.
Blork the orc barely misses you.
You closely miss Blork the orc.
Blork the orc is heavily wounded.
Blork the orc hits you with a +0 dire flail!
You are too injured to fight recklessly!
You are too injured to fight recklessly!
You are too injured to fight recklessly!
You closely miss Blork the orc. Your punch misses Blork the orc.
Blork the orc is heavily wounded.
Blork the orc hits you but does no damage.
Blork the orc hits you with a +0 dire flail!
* * * LOW HITPOINT WARNING * * *
You closely miss Blork the orc.
Blork the orc is heavily wounded.
You block Blork the orc's attack.
You hit Blork the orc.
Blork the orc is heavily wounded.
Blork the orc barely misses you.
Blork the orc points at you and mumbles some strange words.
The puff of frost hits you.
* * * LOW HITPOINT WARNING * * *
You hit Blork the orc but do no damage.
Blork the orc is heavily wounded.
Blork the orc barely misses you.
Unknown command.
It was a potion of brilliance.
You feel clever all of a sudden.
Blork the orc hits you with a +0 dire flail.
* * * LOW HITPOINT WARNING * * *
It was a potion of mutation.
You feel extremely strange.
You feel stronger.
Large bone plates spread over more of your arms.
Blork the orc hits you with a +0 dire flail.
You die...

.## ..... ...
####...## #.# #(.
....# #.# #.#
#.#.## #.#
#.###.#.#. ##
#.##.##....#. #.#
##........... #o##
##.##.#.....#.
#@###.###.##....#.
##.#.## #.......#.
##.## #########.
### ##


You could see Blork the orc.

Vanquished Creatures
  A jelly (D:4)
  An orc wizard (D:3)
  Robin (D:3)
  5 adders
  2 dart slugs
  4 orcs (D:3)
  2 ball pythons (D:3)
  7 bats
  3 endoplasms
  2 giant cockroaches
  5 hobgoblins
  4 jackals (D:3)
  6 kobolds
  3 quokkas
  3 frilled lizards
  15 goblins
  8 rats
72 creatures vanquished.

Notes
Turn   | Place    | Note
-------+----------+-------------------------------------------
     0 | D:1      | DocClef the Demonspawn Gladiator began the quest for the
                  | Orb.
     0 | D:1      | Reached XP level 1. HP: 16/16 MP: 1/1
   211 | D:1      | Gained mutation: You are partially covered in large bone
                  | plates. (SH +4) [demonic ancestry]
   211 | D:1      | Reached XP level 2. HP: 21/23 MP: 2/2
   389 | D:1      | Found Lestaaso's General Store.
   445 | D:1      | Reached skill level 3 in Fighting
   876 | D:2      | Gained mutation: Spells you cast may paralyse adjacent
                  | enemies. [demonic ancestry]
   876 | D:2      | Reached XP level 3. HP: 29/29 MP: 3/3
  1928 | D:3      | Found an ornate altar of the Wu Jian Council.
  1929 | D:3      | Noticed Robin
  1935 | D:3      | Reached skill level 4 in Fighting
  1942 | D:3      | Killed Robin
  1950 | D:3      | Gained mutation: You may rarely emit foul miasma when
                  | damaged in melee. [demonic ancestry]
  1950 | D:3      | Reached XP level 4. HP: 20/38 MP: 4/4
  2320 | D:3      | Found Seang's Armour Shop.
  2449 | D:3      | Found Juyfu's Jewellery Shoppe.
  2634 | D:3      | Reached skill level 5 in Fighting
  2638 | D:3      | Gained mutation: You sometimes emit foul miasma when
                  | damaged in melee. [demonic ancestry]
  2638 | D:3      | Reached XP level 5. HP: 33/44 MP: 5/5
  3344 | D:4      | Noticed Blork the orc
  3356 | D:4      | HP: 1/46 [Blork the orc/+0 dire flail (3)]
  3357 | D:4      | Gained mutation: Your muscles are strong. (Str +2) [potion
                  | of mutation]
  3357 | D:4      | Gained mutation: You are mostly covered in large bone
                  | plates. (SH +6) [potion of mutation]
  3357 | D:4      | Slain by Blork the orc

Illustrated notes

Levels and vault maps discovered:
D:1:      dpeg_arrival_ratfight, layout_basic, serial_shops, nicolae_shop_trees
D:2:      layout_loops_ring, minmay_tetromino_s4
D:3:      layout_loops_ring, nzn_wu_jian_contemplation, serial_shops,
          shop_fountains, nicolae_shop_waterfront, uniq_robin
D:4:      layout_loops_corners, nicolae_shop_clearance, uniq_blork_the_orc

Skill      XL: |  1  2  3  4 |
---------------+-------------+-----
Fighting       | 3 4 5 |  5.7
Axes           | |  2.6
Throwing       | |  1.7
Dodging        | |  2.6

Action                   |  1- 3 |  4- 6 || total
-------------------------+-------+-------++-------
Melee: War axe           |   123 |   110 ||   233
       Punch             |     1 |     1 ||     2
  Use: Potion            |       |     2 ||     2
 Stab: Sleeping          |     1 |       ||     1
Armor: Leather armour    |    37 |       ||    37
       Chain mail        |    11 |    59 ||    70
Dodge: Dodged            |    82 |    30 ||   112
Block: Other             |    26 |    55 ||    81
       Reflection        |     1 |       ||     1
